 Dungeon Crawl Stone Soup version 0.29.1-4-g47bece8355 (webtiles) character file.

Game seed: 16910741098187676270

53 vlino77 the Stinger (level 3, 0/21 HPs)
             Began as an Octopode Venom Mage on Dec 7, 2022.
             Slain by a goblin
             ... wielding a +0 club
             ... led by Robin
              (4 damage)
             ... on level 2 of the Dungeon.
             The game lasted 00:04:42 (1097 turns).

vlino77 the Stinger (Octopode Venom Mage)           Turns: 1097, Time: 00:04:42

Health: 0/21       AC:  1    Str:  9    XL:     3   Next: 87%
Magic:  6/6        EV: 13    Int: 17    God:
Gold:   66         SH:  0    Dex: 12    Spells: 5/6 levels left

rFire   + . .      SeeInvis .   j - +0 war axe
rCold   + . .      Faith    .   (no shield)
rNeg    . . .      Spirit   .   (helmet restricted)
rPois   +          Reflect  .   l - amulet of magic regeneration
rElec   +          Harm     .   (no ring)
rCorr   +          Rampage  .   (no ring)
Will    .....                   (no ring)
Stlth   +++.......              (no ring)
HPRegen 0.07/turn               (no ring)
MPRegen 0.50/turn               (no ring)
                                (no ring)
                                (no ring)

@: resistant
A: almost no armour, amphibious, 8 rings, camouflage 1, gelatinous body 1,
(nimble swimmer 1), tentacles
a: no special abilities


You were on level 2 of the Dungeon.
You visited 1 branch of the dungeon, and saw 2 of its levels.

You collected 66 gold pieces.

Inventory:

Hand Weapons
 d - a +0 short sword
 g - a +0 sling
 j - a +0 war axe (weapon)
Jewellery
 l - an amulet of magic regeneration (around mantle)
Scrolls
 b - a scroll of blinking {unknown}
 c - a scroll of immolation {unknown}
 e - 3 scrolls of teleportation {unknown}
 h - a scroll of enchant weapon {unknown}
 k - a scroll of enchant armour {unknown}
Potions
 a - a potion of magic
 i - a potion of might {unknown}


   Skills:
 + Level 0.1 Fighting
 + Level 0.4 Axes
 + Level 0.5 Ranged Weapons
 + Level 2.1 Dodging
 + Level 3.2 Stealth
 + Level 2.3 Spellcasting
 + Level 1.3 Transmutations
 + Level 4.5 Poison Magic


You had 5 spell levels left.
You knew the following spells:

 Your Spells              Type           Power      Damage    Failure   Level
a - Sting                 Tmut/Pois      48%        1d5       5%          1

Your spell library contained the following spells:

 Spells                   Type           Power      Damage    Failure   Level
 Poisonous Vapours        Pois/Air       18%        N/A       11%         2
 Olgreb's Toxic Radiance  Pois           17%        N/A       28%         4
 Mephitic Cloud           Conj/Pois/Air  7%         N/A       30%         3


Dungeon Overview and Level Annotations

Branches:
Dungeon (2/15)

Altars:

Annotations:
D:2 Robin


Innate Abilities, Weirdness & Mutations

You cannot wear most types of armour.
You are amphibious.
You can wear up to eight rings at the same time.
Your skin changes colour to match your surroundings (Stealth+).
Your rubbery body absorbs attacks. (AC +1, EV +1)
((You are camouflaged when in or above water. (Stealth+)))
You have tentacles for arms and can constrict up to eight enemies at once.


Message History

A goblin comes into view. It is wielding a +0 dagger.
The goblin hits you with a +0 club.
Robin flexes a bicep menacingly.
You barely miss the goblin. Your grab misses the goblin.
The goblin closely misses you. The goblin hits you but does no damage.
You hit the goblin. You grab the goblin. You squeeze the goblin.
The goblin is severely wounded.
You constrict the goblin.
You kill the goblin!
You miss the goblin. Your grab misses the goblin.
The hobgoblin no longer looks unusually strong.
The goblin closely misses you. The goblin hits you with a +0 club.
You completely miss the goblin. You grab the goblin. You squeeze the goblin.
You kill the goblin!
Robin throws the goblin at you! The goblin closely misses you.
You barely miss the hobgoblin. You grab the hobgoblin. You hit the goblin.
You constrict the hobgoblin.
The hobgoblin no longer looks unusually strong.
The hobgoblin barely misses you. The goblin misses you.
Robin roars a battlecry!
The hobgoblins go into a battle-frenzy!
The hobgoblin hits you but does no damage.
The goblin hits you with a +0 club.
* * * LOW HITPOINT WARNING * * *
Casting: Sting (safe; 5% risk of failure)
Confirm with . or Enter, or press ? or * to list all spells.
Aiming: Sting (safe; 5% risk of failure)
Press: ? - help, Shift-Dir - straight line, f - hobgoblin
Aim: a hobgoblin (moderately wounded, constricted by you, strong, 100% to hit)
The sting hits the hobgoblin.
The hobgoblin is poisoned.
The hobgoblin is almost dead.
You constrict the hobgoblin.
You kill the hobgoblin!
The goblin closely misses you. Robin throws the goblin at you!
The goblin misses you.
It was a potion of resistance.
You feel protected.
The goblin no longer looks unusually strong.
The goblin hits you with a +0 club.
You die... .. . ...#.##### #gggg.g.#

# ###...#g#
#.#../#.#g#
#...###.#@#
.#
##...#.#g#
.# #.....#
.# ###...#
.# #.### .#
#.# #.#
#.#####.#
#....†..#
######..#


You could see Robin, a hobgoblin (strong) and 2 goblins.

Vanquished Creatures
  2 adders (D:2)
  A dart slug (D:1)
  A ball python (D:1)
  2 bats (D:1)
  2 endoplasms
  A giant cockroach (D:1)
  6 goblins
  6 hobgoblins
  2 kobolds (D:1)
  2 quokkas (D:1)
  3 frilled lizards (D:1)
  A rat (D:1)
29 creatures vanquished.

Notes
Turn   | Place    | Note
-------+----------+-------------------------------------------
     0 | D:1      | vlino77 the Octopode Venom Mage began the quest for the
                  | Orb.
     0 | D:1      | Reached XP level 1. HP: 11/11 MP: 3/3
   340 | D:1      | Reached skill level 4 in Poison Magic
   340 | D:1      | Reached XP level 2. HP: 9/17 MP: 3/5
   937 | D:1      | Reached XP level 3. HP: 18/21 MP: 6/6
  1079 | D:2      | Noticed Robin
  1097 | D:2      | Slain by a goblin

Illustrated notes

Levels and vault maps discovered:
D:1:      tarquinn_simple_flora_water_f, layout_basic, minmay_misc_feat_room,
          st_stairs_9, minmay_split_cup_large
D:2:      layout_loops_ring, chequers_ecumenical_altar_grove,
          hangedman_decor_clover_reticule, chequers_decorated_corner,
          minmay_pentomino_t2, uniq_robin

Skill      XL: |  1  2 |
---------------+-------+-----
Poison Magic   | 4 |  4.5
Stealth        | 3 |  3.2
Fighting       | |  0.1
Axes           | |  0.4
Ranged Weapons | |  0.5
Dodging        | |  2.1
Spellcasting   | |  2.3
Transmutations | |  1.3

Action                   || total
-------------------------++-------
Melee: Short sword       ||     8
       Constrict         ||    10
       Tentacles         ||     7
       Unarmed           ||     1
       War axe           ||    36
 Fire: Sling             ||     5
 Cast: Sting             ||    11
  Use: Potion            ||     1
 Stab: Sleeping          ||     1
Armor: Skin              ||     5
Dodge: Dodged            ||    60
